 Dungeon Crawl Stone Soup version 0.17-a0-1840-g87820a2 (webtiles) character file.

15869 doublediamondsmb the Blocker (level 12, -11/112 HPs)
             Began as a Gargoyle Fighter on Sept 16, 2015.
             Was an Elder of Trog.
             Killed by divine providence
             ... invoked by Norris
              (15 damage)
             ... on level 12 of the Dungeon.
             The game lasted 01:15:19 (12374 turns).

doublediamondsmb the Blocker (Gargoyle Fighter)    Turns: 12374, Time: 01:15:19

Health: -11/112    AC: 26    Str: 29    XL:     12   Next: 31%
Magic:  10/10      EV:  2    Int: 20    God:    Trog [****..]
Gold:   873        SH: 13    Dex: 14    Spells: 0 memorised, 11 levels left

rFire  + + .     SeeInvis .     H - +5 war axe of the Spider Nest {flame, *Drain Int+10 Dex+5}
rCold  x . .     Clarity  .     (armour currently unavailable)
rNeg   + + +     SustAt   .     c - +0 shield
rPois  ∞         Gourm    .     (helmet currently unavailable)
rElec  .         Spirit   .     (cloak currently unavailable)
rCorr  .         Warding  .     (gloves currently unavailable)
rMut   +         NoTele   +     (boots currently unavailable)
MR     .....                    y - amulet of resist mutation
Stlth  ++........               n - ring of protection from fire
                                a - ring of fire

@: mighty, tree-form, very slightly contaminated, invisible, not resistant to
hostile enchantments, unstealthy
A: low mp 1, negative energy resistance 1, sense surroundings 1, regeneration 1,
(electricity resistance), (unbreathing), petrification resistance, rot immunity,
AC +8
a: Burn Spellbooks, Berserk, Trog's Hand, Brothers in Arms, Renounce Religion


You were on level 12 of the Dungeon.
You worshipped Trog.
Trog was greatly pleased with you.
You were not hungry.
You were a tree.
You visited 2 branches of the dungeon, and saw 14 of its levels.
You also visited: Ossuary.

You collected 873 gold pieces.

Inventory:

Hand weapons
 s - a +4 quarterstaff of chaos
 u - a +3 mace of flaming
 z - a cursed -1 flail
 H - the +5 war axe of the Spider Nest (weapon) {flame, *Drain Int+10 Dex+5}
   (You found it on level 5 of the Dungeon)

   It has been specially enchanted to burn those struck by it, causing extra
   injury to most foes and up to half again as much damage against particularly
   susceptible opponents.
   Big, fiery blades are also staple armaments of hydra-hunters.
   It affects your intelligence (+10).
   It affects your dexterity (+5).
   It causes draining when unequipped.
 R - a +3 war axe
Armour
 c - a +0 shield (worn)
 h - a +0 pair of boots (melded)
 t - a +2 cloak (melded)
 Q - a +3 scale mail of cold resistance (melded)
Jewellery
 a - a ring of fire (left branch)
 n - a ring of protection from fire (right branch)
 p - an uncursed amulet of stasis
 y - an amulet of resist mutation (around neck)
 D - an uncursed ring of flight
 V - an uncursed ring of ice
Magical devices
 b - a wand of confusion (26)
 d - a wand of digging (3)
 j - a wand of enslavement (24)
 m - a wand of flame (21)
 o - a wand of frost (15)
 A - a wand of teleportation (3)
 B - a wand of cold (4)
 E - a wand of enslavement (7)
 G - a wand of confusion (10)
 P - a wand of polymorph (11)
 X - a wand of fire (8)
Scrolls
 e - a scroll of magic mapping {unknown}
 f - a scroll of blinking
 l - 6 scrolls of remove curse
 q - 6 scrolls of recharging
 r - 4 scrolls of teleportation
 x - 3 scrolls of enchant armour
 F - a scroll of random uselessness
 L - 2 scrolls of fear
 N - 2 scrolls of fog
Potions
 C - 2 potions of curing
 M - 3 potions of lignification
Miscellaneous
 I - a stone of tremors (inert)
Comestibles
 g - 2 royal jellies
 i - 6 beef jerkies
 k - 5 meat rations
 v - 8 slices of pizza


   Skills:
 + Level 8.4 Fighting
 * Level 9.9(10.7) Axes
 + Level 7.7(10.5) Maces & Flails
 + Level 3.5(6.0) Staves
 + Level 8.9 Armour
 - Level 1.0 Stealth
 * Level 11.4 Shields


You had 11 spell levels left.
You didn't know any spells.

Dungeon Overview and Level Annotations

Branches:
Dungeon (13/15) Temple (1/1) D:5 Lair (0/8) D:9 Orc (0/4) D:12 Vaults (0/5) D:12 D:13

Altars:
Ashenzari
Cheibriados
Dithmenos
Elyvilon
Fedhas
Gozag
Kikubaaqudgha
Makhleb
Nemelex Xobeh
Okawaru
Qazlal
Ru
Sif Muna
Trog
Vehumet
Xom
Yredelemnul
Zin
The Shining One

Portals:
Trove: D:12 (give wand of hasting (8))

Annotations:
D:12 Norris


Innate Abilities, Weirdness & Mutations

You are resistant to torment.
((Your stone body is resilient (AC +8).))
You are immune to poison.
You resist negative energy.
((You are resistant to electric shocks.))
((You can survive without breathing.))
You are immune to petrification.
You are immune to rotting.
Your magical capacity is low (-10% MP).
You passively map a small area around you.
Your natural rate of healing is unusually fast.


Message History

Unknown command.
Drink which item? (? for menu, Esc to quit)
You feel better. Something hits you!
* * * LOW HITPOINT WARNING * * *
Drink which item? (? for menu, Esc to quit)
You feel better.
Drink which item? (? for menu, Esc to quit)
You feel better. Something hits you but does no damage.
Drink which item? (? for menu, Esc to quit)
You feel better. Something hits you!!
* * * LOW HITPOINT WARNING * * *
Drink which item? (? for menu, Esc to quit)
You fade into invisibility!
Something hits you but does no damage.
You are very lightly contaminated with residual magic.
Unknown command.
Unknown command.
You hear something mumble some strange prayers to a god against you.
Something smites you!
You die...

####.# #### #.# # #..## #.# #
##...## #.# # #.....# ########.#
## #.....# ####........# #.
##.....## ##...........## ##
#.......# #{............# #
#.......# #♣............# #
#.......# ##†...........# #
#.......## #####........# #
#........# ######..## #........#
####..#
#........#############....## ##
##...........)..............####.
#.........######)....######.##...
##......### ##...## ##.#.#.


There were no monsters in sight!

Vanquished Creatures
  2 hydras (D:11)
  Erolcha (D:10)
  2 hill giants
  Pikel (D:4)
  The ghost of Smello the Chopper, an experienced FoFi of Cheibriados (D:6)
  An ugly thing (D:11)
  Maurice (D:9)
  2 guardian mummies (D:12)
  2 trolls
  Grinder (D:4)
  A two-headed ogre (D:11)
  A wyvern (D:11)
  2 deep elf fighters
  A yak (D:9)
  Eustachio (D:4)
  10 humans
  2 hungry ghosts
  A deep elf mage (D:9)
  Menkaure (D:6)
  4 ice beasts
  9 orc warriors
  5 ogres
  A sky beast (D:5)
  A necrophage (D:10)
  5 phantoms
  3 centaurs
  2 crocodiles (D:9)
  4 big kobolds
  9 giant frogs
  2 elf zombies
  2 elf skeletons (D:6)
  A gnoll sergeant (D:9)
  4 scorpions
  10 killer bees (D:12)
  5 wights (D:8)
  2 centaur zombies
  3 giant frog zombies (D:5)
  6 crimson imps
  Crazy Yiuf (D:3)
  2 giant frog skeletons
  2 iguanas
  2 jellies
  A centaur skeleton (D:5)
  6 hounds
  7 orc wizards
  12 orc priests
  A human skeleton (D:6)
  7 worker ants
  A big kobold zombie (Ossuary)
  3 hound zombies
  2 mummies (Ossuary)
  2 worker ant zombies
  2 river rats (D:9)
  15 adders
  9 gnolls
  A shadow imp (D:7)
  An ooze (D:2)
  3 adder zombies
  An adder skeleton (D:5)
  2 worms
  47 orcs
  9 giant cockroaches
  5 goblins
  4 hobgoblins
  4 quokkas
  A ball python (D:4)
  16 bats
  4 giant geckos
  A giant gecko skeleton (D:4)
  A giant gecko zombie (D:5)
  7 giant newts
  A goblin zombie (Ossuary)
  10 hobgoblin zombies (Ossuary)
  7 jackals
  A jackal skeleton (D:5)
  4 jackal zombies
  23 kobolds
  8 kobold zombies (Ossuary)
  2 orc skeletons (D:6)
  10 orc zombies (Ossuary)
  21 rats
  A rat zombie (Ossuary)
  6 fungi (D:9)
388 creatures vanquished.

Vanquished Creatures (collateral kills)
  4 humans (D:13)
  A scorpion (D:8)
  An orc priest (D:12)
  2 orc wizards (D:12)
  A jelly (D:12)
  An orc (D:12)
10 creatures vanquished.

Vanquished Creatures (others)
  An orc priest (D:4)
  An adder (D:4)
  2 orcs (D:9)
  A goblin (D:4)
  A giant newt (D:4)
  2 kobolds (D:9)
  A quokka (D:4)
9 creatures vanquished.

Grand Total: 407 creatures vanquished

Notes
Turn   | Place    | Note
--------------------------------------------------------------
     0 | D:1      | doublediamondsmb the Gargoyle Fighter began the quest for the Orb.
     0 | D:1      | Reached XP level 1. HP: 14/14 MP: 1/1
   173 | D:1      | Gained mutation: You passively map a small area around you. [potion of mutation]
   173 | D:1      | Gained mutation: Your natural rate of healing is unusually fast. [potion of mutation]
   173 | D:1      | Gained mutation: Your magical capacity is low (-10% MP). [potion of mutation]
   204 | D:1      | Reached XP level 2. HP: 19/19 MP: 1/1
   699 | D:2      | Reached XP level 3. HP: 23/23 MP: 2/2
   814 | D:2      | Reached skill level 4 in Shields
   920 | D:2      | Reached XP level 4. HP: 25/28 MP: 3/3
  1601 | D:3      | Found a stormy altar of Qazlal.
  1608 | D:3      | Noticed Grinder
  1711 | D:3      | Reached XP level 5. HP: 33/33 MP: 4/4
  1728 | D:3      | Noticed Crazy Yiuf
  1740 | D:3      | Killed Crazy Yiuf
  2162 | D:4      | Reached XP level 6. HP: 38/38 MP: 5/5
  2196 | D:4      | Paralysed by Grinder for 3 turns
  2508 | D:4      | Reached skill level 5 in Armour
  2508 | D:4      | Reached skill level 5 in Shields
  2606 | D:4      | Noticed an ogre
  2619 | D:4      | Killed an ogre
  2625 | D:4      | Noticed a slave
  2627 | D:4      | Noticed a slave
  2631 | D:4      | Noticed a slave
  2634 | D:4      | Noticed a slave
  2635 | D:4      | Noticed Pikel
  2711 | D:4      | Killed Pikel
  2711 | D:4      | Reached skill level 5 in Maces & Flails
  2711 | D:4      | Reached skill level 6 in Shields
  2711 | D:4      | Reached XP level 7. HP: 33/44 MP: 6/6
  2711 | D:4      | Reached XP level 8. HP: 36/48 MP: 7/7
  2832 | D:4      | Noticed a phantom
  2931 | D:4      | Killed a phantom
  2931 | D:4      | Reached skill level 1 in Stealth
  3004 | D:4      | Paralysed by Grinder for 3 turns
  3016 | D:4      | Paralysed by Grinder for 7 turns
  3029 | D:4      | Paralysed by Grinder for 5 turns
  3059 | D:4      | Paralysed by Grinder for 5 turns
  3070 | D:4      | Killed Grinder
  3070 | D:4      | Reached skill level 5 in Fighting
  3070 | D:4      | Reached skill level 1 in Axes
  3070 | D:4      | Reached skill level 1 in Staves
  3137 | D:4      | Noticed Eustachio
  3215 | D:4      | Killed Eustachio
  3215 | D:4      | Reached skill level 7 in Shields
  3402 | D:5      | Entered Level 5 of the Dungeon
  3481 | D:5      | Found a snail-covered altar of Cheibriados.
  3520 | D:5      | Identified Recvaf's Handbook of Attacks and the Blaze
  3546 | D:5      | Reached XP level 9. HP: 47/54 MP: 8/8
  3723 | D:5      | Found a staircase to the Ecumenical Temple.
  3864 | D:5      | Found a shattered altar of Ashenzari.
  3892 | D:5      | Found a sacrificial altar of Ru.
  4137 | D:5      | Got a slimy war axe
  4317 | D:6      | Reached skill level 8 in Shields
  4366 | D:6      | Noticed Menkaure
  4379 | D:6      | Identified the +5 war axe of the Spider Nest {flame, *Drain Int+10 Dex+5} (You found it on level 5 of the Dungeon)
  4389 | D:6      | Killed Menkaure
  4412 | D:6      | Noticed Smello's ghost (experienced FoFi)
  4447 | D:6      | Killed Smello's ghost
  4586 | D:6      | Found a sand-covered staircase.
  4595 | Ossuary  | Entered an ossuary
  4675 | Ossuary  | Reached XP level 10. HP: 60/60 MP: 9/9
  5499 | Temple   | Entered the Ecumenical Temple
  5772 | Temple   | Became a worshipper of Trog the Wrathful
  6137 | D:7      | Acquired Trog's first power
  6720 | D:8      | Reached skill level 5 in Axes
  7598 | D:9      | Acquired Trog's second power
  7627 | D:9      | Found a staircase to the Lair.
  7804 | D:9      | Noticed Maurice
  7877 | D:9      | Reached skill level 9 in Shields
  7879 | D:9      | Got an encrusted spear
  8030 | D:9      | Found a sparkling altar of Nemelex Xobeh.
  8031 | D:9      | Found an iron altar of Okawaru.
  8067 | D:9      | Found a basalt altar of Yredelemnul.
  8085 | D:9      | Killed Maurice
  8106 | D:9      | Reached XP level 11. HP: 67/67 MP: 9/9
  8173 | D:9      | Found a white marble altar of Elyvilon.
  8180 | D:9      | Found a blossoming altar of Fedhas.
  8187 | D:9      | Found a shadowy altar of Dithmenos.
  8188 | D:9      | Found a shattered altar of Ashenzari.
  8189 | D:9      | Found a radiant altar of Vehumet.
  8195 | D:9      | Found an ancient bone altar of Kikubaaqudgha.
  8363 | D:9      | Found a glowing golden altar of the Shining One.
  8371 | D:9      | Noticed an angel
  8660 | D:10     | Entered Level 10 of the Dungeon
  8797 | D:10     | Noticed Erolcha
  8807 | D:10     | Killed Erolcha
  8944 | D:10     | Identified the cursed +3 spear of Poverty {pierce, +Rage rPois rF+ MR-} (You took it off a deep elf mage on level 9 of the Dungeon)
  9608 | D:11     | Noticed an eight-headed hydra
  9620 | D:11     | Killed a one-headed hydra
  9850 | D:11     | Acquired Trog's third power
 10103 | D:11     | Reached skill level 10 in Shields
 10132 | D:11     | Noticed a hill giant
 10142 | D:11     | Killed a hill giant
 10209 | D:11     | Upgraded the game from 0.17-a0-1838-g891d947 to 0.17-a0-1840-g87820a2
 10454 | D:11     | Noticed an eight-headed hydra
 10468 | D:11     | Killed a two-headed hydra
 11066 | D:12     | Found a staircase to the Orcish Mines.
 11770 | D:12     | Found a portal to a secret trove of treasure.
 11781 | D:12     | Reached XP level 12. HP: 18/73 MP: 10/10
 11988 | D:12     | Reached skill level 11 in Shields
 12334 | D:13     | Found a gate to the Vaults.
 12334 | D:13     | Noticed Norris
 12369 | D:12     | HP: 4/112 [something (10)]
 12374 | D:12     | Killed from afar by Norris

Vault maps used:
D:1:      evilmike_arrival_rings
D:3:      grunt_qazlal_sundering, uniq_crazy_yiuf_cottage, uniq_grinder
D:4:      first_bread, grunt_ministairs_1, kennysheep_boxes, uniq_pikel,
          uniq_eustachio
D:5:      nicolae_ru_great_annihilating_truth, minmay_temple_entry_butterflies,
          serial_undead, serial_undead_e, serial_undead_a, serial_undead_c,
          serial_undead_f, serial_undead_d, basic_altar, cheibriados_altar_1
D:6:      nicolae_ossuary_entry_catacombs, uniq_menkaure
D:8:      grunt_pizzeria
D:9:      grunt_temple_overflow_holy_war, gammafunk_temple_overflow_statue,
          minitemple, grunt_lair_entry_elf_guard_hut, uniq_maurice
D:10:     uniq_erolcha
D:12:     david_orc_1_choice, nicolae_trove_entry_path_of_doom
D:13:     david_vaults_3
Temple:   minmay_temple_bridge_a_8
Ossuary:  ossuary_tomb_1

Action                   |  1- 3 |  4- 6 |  7- 9 | 10-12 || total
-------------------------+-------+-------+-------+-------++-------
Melee: Flail             |   107 |    62 |       |       ||   169
       Mace              |       |   127 |   374 |       ||   501
       War axe           |       |       |    95 |   604 ||   699
Invok: Burn Spellbooks   |       |       |       |     3 ||     3
       Berserk           |       |       |       |     1 ||     1
       Brothers in Arms  |       |       |       |     3 ||     3
Evoke: Wand              |       |       |       |     6 ||     6
       Stone of tremors  |       |       |       |     1 ||     1
  Use: Potion            |     4 |     4 |     5 |    14 ||    27
       Scroll            |       |    10 |     3 |    17 ||    30
 Stab: Paralysed         |       |       |     2 |       ||     2
  Eat: Bread ration      |       |     2 |     1 |     9 ||    12
       Beef jerky        |       |       |     1 |       ||     1
       Pizza             |       |       |       |     1 ||     1
       Royal jelly       |       |       |       |     1 ||     1
